 Dungeon Crawl Stone Soup version 0.17.0-56-gd8de76c (webtiles) character file.

49 gorblad the Conjurer (level 3, 0/14 HPs)
             Began as a Felid Conjurer on Dec 5, 2015.
             Slain by a goblin
             ... wielding a +0 dagger
             ... led by Robin
              (5 damage)
             ... on level 2 of the Dungeon.
             The game lasted 00:03:17 (971 turns).

gorblad the Conjurer (Felid Conjurer)                Turns: 971, Time: 00:03:17

Health: 0/14       AC:  1    Str:  9    XL:     3   Next: 51%
Magic:  0/7        EV: 18    Int: 17    God:
Gold:   90         SH:  0    Dex: 16    Spells: 1 memorised, 5 levels left
                                        Lives:  0   Deaths: 0

rFire  . . .     SeeInvis +     (weapon unavailable)
rCold  . . .     Clarity  .     (armour unavailable)
rNeg   . . .     SustAt   .     (shield unavailable)
rPois  .         Gourm    .     (helmet unavailable)
rElec  .         Spirit   .     (cloak unavailable)
rCorr  .         Warding  .     (gloves unavailable)
rMut   .         Stasis   .     (boots unavailable)
MR     .....                    h - amulet of faith
Stlth  +++.......               (no ring)
                                (no ring)

@: mighty, quick, not resistant to hostile enchantments, fairly stealthy
A: no armour, no weapons or thrown items, claws 1, fangs 3, see invisible,
carnivore 3, speed 1, shaggy fur 1, slow metabolism 1, sharp paws
a: no special abilities


You were on level 2 of the Dungeon.
You were completely stuffed.

You visited 1 branch of the dungeon, and saw 2 of its levels.

You collected 90 gold pieces.

Inventory:

Jewellery
 h - an amulet of faith (around neck)
Scrolls
 d - a scroll of teleportation
 e - a scroll of remove curse
Books
 a - a book of Conjurations

   Spells                             Type                      Level
   a - Magic Dart                     Conjuration                  1
   b - Searing Ray                    Conjuration                  2
   c - Dazzling Spray                 Conjuration/Hexes            3
   d - Fulminant Prism                Conjuration/Hexes            4
   e - Iskenderun's Mystic Blast      Conjuration                  4
   f - Iskenderun's Battlesphere      Conjuration/Charms           5
Comestibles
 b - a meat ration
 f - 9 chunks of flesh


   Skills:
 + Level 2.9 Dodging
 + Level 3.0 Stealth
 + Level 0.4 Unarmed Combat
 + Level 2.3 Spellcasting
 + Level 4.3 Conjurations


You had 5 spell levels left.
You knew the following spells:

 Your Spells              Type           Power        Failure   Level  Hunger
a - Magic Dart            Conj           ###.         3%          1    #......


Dungeon Overview and Level Annotations

Branches:
Dungeon (2/15)

Altars:

Annotations:
D:2 Robin


Innate Abilities, Weirdness & Mutations

You cannot wear armour.
You are incapable of wielding weapons or throwing items.
You have sharp claws.
You have razor-sharp teeth.
You have supernaturally acute eyesight.
You are carnivorous and can eat meat at any time.
You cover ground quickly.
You are covered in fur (AC +1).
You have a slow metabolism.
Your sharp claws are effective at attacking unaware monsters.


Message History

Aim: a hobgoblin The magic dart hits the hobgoblin.
You kill the hobgoblin!
The goblin hits the plant but does no damage.
Some of the chunks of flesh in your inventory have rotted away.
Casting: Magic Dart
Confirm with . or Enter, or press ? or * to list all spells.
Aiming: Magic Dart
Press: ? - help, Shift-Dir - straight line, f - hobgoblin
Aim: a hobgoblin The magic dart hits the hobgoblin.
The hobgoblin is heavily wounded.
Casting: Magic Dart
Confirm with . or Enter, or press ? or * to list all spells.
You don't have enough magic to cast that spell.
Unknown command.
Drink which item? (? for menu, Esc to quit)
You feel very mighty all of a sudden. The hobgoblin barely misses you.
The goblin hits you with a dagger.
You die...

%≈≈P.P...########.# #.
≈≈≈≈♣P.........####.## #.
≈≈≈≈≈..P.........≈≈P.# #.
.P≈≈≈≈≈≈≈..........P♣P≈♣###.
..≈≈≈≈≈≈≈≈≈≈.##....#.≈≈.♣....
###.≈≈≈≈≈≈≈≈≈≈.##....#.........
....≈≈≈≈≈≈≈≈P.##......##...#.#
... #P.(≈≈≈≈≈)gPP÷#...........<..
... #....♣≈≈(Pgg@÷.......##....##
....#.P..P..P.PgP##......#####...
....#..#...g..÷####......# #...
...wg....w...g.# #......# #...
...#...g#....## ##......# #.##
###'#†#..#....# #.......# #...
.ggg..g..#....# #.......# ####
.....g#..###### #(......#
......#..### #.^.....#


You could see a worm, 2 hobgoblins and 4 goblins.

Vanquished Creatures
  2 oozes (D:1)
  2 giant geckos (D:1)
  2 bats (D:1)
  3 giant cockroaches (D:2)
  6 hobgoblins
  4 jackals (D:2)
  2 kobolds (D:1)
  A quokka (D:2)
  A giant newt (D:1)
  3 goblins
  7 rats
33 creatures vanquished.

Notes
Turn   | Place    | Note
--------------------------------------------------------------
     0 | D:1      | gorblad the Felid Conjurer began the quest for the Orb.
     0 | D:1      | Reached XP level 1. HP: 7/7 MP: 4/4
   127 | D:1      | Reached XP level 2. HP: 11/11 MP: 0/6
   136 | D:1      | Reached skill level 4 in Conjurations
   685 | D:1      | Reached XP level 3. HP: 14/14 MP: 5/7
   952 | D:2      | Noticed Robin
   971 | D:2      | Slain by a goblin

Action                   || total
-------------------------++-------
Melee: Unarmed           ||    46
 Cast: Magic Dart        ||    56
  Use: Scroll            ||     3
       Potion            ||     1
  Eat: Chunk             ||     8
